Map: [ESL] Data-C

Players

ShoWTimE

  • Race: Protoss Protoss
  • Spawn Location: 3:00

GunGFuBanDa - Winner!

  • Race: Protoss Protoss
  • Spawn Location: 9:00

Event: DreamHack SC2 Masters 2022 Atlanta (Online)

VOD

Have the link to the VOD?

Description

Time

  • Played on: Oct. 14, 2022, 10:25 a.m.
  • Length: 13:00

All games in this series

Show
View Real Time Build Order
Export as new Build Order

ShoWTimE Protoss 

Build Orders: 1 Gate Expand 

Get SALT Encoding   

  12  0:00  Probe  
  13  0:12  Probe  
  14  0:18  Pylon  
  14  0:24  Probe (Chrono Boost)  
  15  0:36  Probe (Chrono Boost)  
  15  0:38  Gateway  
  16  0:45  Probe (Chrono Boost)  
  16  0:47  Assimilator  
  17  0:51  Probe  
  18  1:03  Probe  
  19  1:15  Probe  
  20  1:25  Nexus  
  20  1:34  Cybernetics Core  
  20  1:38  Probe  
  21  1:44  Assimilator  
  21  1:50  Probe  
  21  1:53  Pylon  
  22  2:02  Probe  
  23  2:09  Adept (Chrono Boost)  
  23  2:12  Warp Gate  
  23  2:14  Probe  
  26  2:26  Probe  
  27  2:30  Stargate  
  27  2:34  Stalker  
  29  2:40  Shield Battery  
  29  2:44  Probe  
  29  2:45  Probe  
  31  3:04  Stalker  
  33  3:07  Shield Battery  
  32  3:17  Void Ray (Chrono Boost)  
  32  3:18  Shield Battery  
  36  3:31  Robotics Facility  
  36  3:32  Probe x2  
  38  3:44  Probe x2  
  38  3:56  Probe  
  38  3:57  Probe  
  40  4:03  Gateway  
  41  4:15  Immortal (Chrono Boost)  
  40  4:20  Pylon  
  40  4:21  Stalker  
  44  4:27  Pylon  
  44  4:30  Probe  
  44  4:31  Probe, Pylon  
  46  4:34  Assimilator  
  46  4:44  Shield Battery  
  46  4:50  Adept  
  48  4:56  Immortal (Chrono Boost)  
  52  5:07  Shield Battery  
  52  5:10  Stalker  
  50  5:20  Adept  
  52  5:25  Shield Battery  
  52  5:36  Shield Battery, Immortal (Chrono Boost)  
  52  5:42  Sentry  
  54  5:51  Shield Battery  
  54  5:59  Stalker  
  54  6:02  Shield Battery  
  56  6:09  Warp Prism (Chrono Boost)  
  58  6:17  Probe x2  
  59  6:22  Zealot  
  54  6:35  Cybernetics Core  
  54  6:38  Gateway  
  54  6:45  Immortal (Chrono Boost)  
  58  6:56  Zealot  
  60  7:06  Pylon  
  60  7:18  Probe x2  
  62  7:23  Immortal (Chrono Boost)  
  62  7:24  Stalker  
  68  7:30  Probe x2  
  68  7:35  Gateway  
  70  7:45  Pylon  
  64  8:03  Probe x2  
  64  8:05  Pylon  
  64  8:13  Twilight Council  
  64  8:15  Immortal (Chrono Boost), Probe  
  69  8:20  Pylon  
  69  8:25  Probe  
  70  8:27  Probe, Pylon  
  70  8:31  Assimilator  
  70  8:32  Stalker  
  73  8:37  Probe  
  73  8:38  Pylon  
  73  8:39  Probe  
  75  8:48  Observer  
  76  8:49  Probe  
  76  8:51  Probe  
  72  8:56  Adept  
  72  8:59  Blink (Chrono Boost)  
  72  9:01  Probe  
  70  9:07  Phoenix  
  71  9:10  Probe  
  71  9:12  Stalker  
  73  9:21  Probe  
  74  9:29  Gateway  
  74  9:33  Pylon  
  74  9:35  Nexus  
  74  9:36  Probe  
  75  9:42  Probe  
  76  9:49  Stalker x2  
  80  9:54  Shield Battery  
  80  9:55  Probe x2  
  82  10:03  Warp Prism (Chrono Boost)  
  82  10:06  Gateway  
  82  10:08  Gateway  
  82  10:15  Gateway  
  82  10:17  Shield Battery  
  82  10:20  Pylon  
  80  10:22  Sentry  
  80  10:23  Sentry  
  84  10:29  Gateway  
  84  10:32  Probe x2  
  84  10:35  Observer  
  87  10:46  Gateway  
  87  10:49  Gateway  
  87  10:56  Stalker x2  
  87  10:58  Probe x2 (Chrono Boost)  
  90  11:04  Probe (Chrono Boost)  
  90  11:10  Probe x2 (Chrono Boost)  
  92  11:14  Probe (Chrono Boost)  
  92  11:16  Charge (Chrono Boost), Probe x2 (Chrono Boost)  
  95  11:19  Probe (Chrono Boost)  
  95  11:20  Forge  
  95  11:23  Observer  
  95  11:24  Probe  
  95  11:25  Stalker  
  99  11:27  Probe  
  99  11:30  Probe  
  101  11:33  Stalker  
  101  11:36  Probe  
  105  11:40  Phoenix, Probe  
  105  11:41  Phoenix  
  105  11:42  Probe  
  105  11:43  Robotics Bay  
  105  11:46  Stalker x2  
  110  11:49  Probe  
  110  11:52  Probe  
  112  11:54  Probe  
  113  12:02  Stalker x2  
  113  12:03  Pylon  
  116  12:17  Stalker x4  
  107  12:31  Zealot x2  
  101  12:40  Stalker x4  
  101  12:42  Zealot  
  94  12:47  Zealot  
  94  12:51  Stalker  
Show
View Real Time Build Order
Export as new Build Order

GunGFuBanDa Protoss - Winner!

Build Orders: Blink Stalkers 

Get SALT Encoding   

  12  0:00  Probe  
  13  0:12  Probe  
  14  0:17  Pylon  
  14  0:24  Probe (Chrono Boost)  
  16  0:36  Gateway  
  16  0:37  Probe (Chrono Boost)  
  16  0:42  Probe (Chrono Boost)  
  16  0:45  Assimilator  
  17  0:51  Probe  
  17  0:54  Assimilator  
  18  1:03  Probe (Chrono Boost)  
  19  1:07  Gateway  
  19  1:13  Probe (Chrono Boost)  
  19  1:18  Probe (Chrono Boost)  
  20  1:24  Cybernetics Core  
  21  1:30  Probe  
  22  1:37  Pylon  
  22  1:42  Probe  
  23  2:00  Stalker x2  
  27  2:08  Robotics Facility  
  27  2:10  Warp Gate  
  27  2:18  Pylon  
  27  2:30  Adept x2  
  31  2:40  Probe  
  32  2:51  Warp Prism (Chrono Boost)  
  34  3:00  Gateway  
  34  3:12  Twilight Council  
  34  3:20  Observer  
  34  3:27  Pylon  
  34  3:44  Blink (Chrono Boost)  
  34  4:02  Stalker x2  
  38  4:12  Stalker  
  40  4:18  Pylon  
  40  4:27  Stalker x2  
  44  4:35  Stalker  
  46  4:52  Stalker x2  
  50  5:00  Stalker  
  50  5:03  Pylon  
  50  5:20  Stalker x2  
  54  5:28  Stalker  
  54  5:43  Stalker x2  
  58  6:01  Stalker  
  60  6:16  Stalker x2  
  56  6:31  Stalker  
  54  6:43  Stalker x2  
  58  6:47  Observer  
  58  6:52  Pylon  
  58  6:53  Observer  
  58  6:59  Nexus, Observer  
  58  7:11  Stalker  
  58  7:12  Stalker  
  62  7:16  Sentry  
  64  7:29  Probe  
  65  7:42  Stalker x2  
  63  8:01  Probe  
  63  8:04  Pylon  
  64  8:08  Observer  
  64  8:12  Observer  
  60  8:13  Probe (Chrono Boost)  
  60  8:18  Adept  
  60  8:19  Adept  
  65  8:25  Probe (Chrono Boost)  
  65  8:26  Sentry  
  69  8:28  Probe (Chrono Boost)  
  69  8:33  Probe (Chrono Boost)  
  70  8:35  Probe (Chrono Boost)  
  72  8:45  Probe x2 (Chrono Boost)  
  72  8:46  Sentry, Forge  
  69  9:05  Charge  
  69  9:11  Probe (Chrono Boost)  
  69  9:12  Sentry, Probe (Chrono Boost)  
  69  9:13  Protoss Ground Weapons Level 1 (Chrono Boost), Stalker x2  
  77  9:21  Probe x2 (Chrono Boost)  
  77  9:22  Assimilator  
  79  9:32  Probe  
  79  9:34  Gateway  
  79  9:36  Observer  
  80  9:49  Stalker  
  80  9:50  Stalker  
  84  9:54  Pylon  
  84  10:10  Probe  
  84  10:11  Probe  
  84  10:13  Stalker  
  88  10:14  Stalker  
  90  10:22  Probe, Pylon  
  90  10:25  Nexus  
  90  10:28  Gateway  
  91  10:39  Zealot x3  
  95  10:57  Probe x2  
  95  10:59  Gateway  
  95  11:01  Gateway  
  97  11:10  Probe  
  98  11:15  Zealot x3  
  98  11:16  Probe  
  105  11:22  Probe  
  106  11:29  Probe  
  106  11:31  Pylon  
  107  11:34  Probe  
  108  11:40  Pylon  
  108  11:49  Zealot x4  
  116  11:56  Probe x3  
  116  11:59  Templar Archives  
  116  12:01  Gateway  
  119  12:04  Zealot x2  
  123  12:11  Zealot x2  
  123  12:27  Zealot x4  
  117  12:33  Zealot x2, Probe x2  
  117  12:35  Probe  
  98  12:45  Probe x2  
  98  12:47  Probe  
  98  12:48  Zealot x4  
Tags
 
Add a new tag
Caveats
  • Supply blocks, unpowered buildings, or Contaminate may cause inaccurate times.
  • Supply counts are checked every 10 seconds.